AoeStats
← Chaac1706

Arabia

509011366Analyzed
1v1 RM · 7d ago on Sep 25, 2026· 57m 18s· 2 players
Game mode
Random Map
Map size
Tiny (2 player)
Population
200
Speed
Normal
Resources
Standard
Victory
Conquest
Starting age
Dark Age
Ending age
Imperial Age
RankedLock teamsTeams togetherTeam positionsShared explorationLock speedFull tech treeHidden civsTurbo modeCheats
Victory
Defeat
🇦🇷 Georgians · Argentina
1215
+15
🇨🇴 Muisca · Colombia
1188
-15
Theviejo
6:06 Loom
8:50 Feudal Age
8:54 Man-at-Arms
12:10 Town Watch
13:05 Double-Bit Axe
23:55 Castle Age
22:27 Forging
24:41 Bloodlines
25:41 Bow Saw
29:02 Wheelbarrow
28:20 Horse Collar
29:02 Scale Barding Armor
31:17 Chain Barding Armor
31:36 Fletching
31:29 Light Cavalry
33:57 Iron Casting
34:06 Gold Mining
34:07 Stone Mining
35:06 Bodkin Arrow
37:41 Hand Cart
40:27 Imperial Age
38:31 Husbandry
41:14 Bracer
42:15 Chemistry
41:28 Hussar
42:44 Plate Barding Armor
42:36 Masonry
43:17 Ballistics
46:55 Murder Holes
49:42 Padded Archer Armor
56:03 Leather Archer Armor
Chaac1706
4:54 Loom
6:27 Loom
8:52 Feudal Age
9:30 Double-Bit Axe
10:17 Champi Runner
18:27 Horse Collar
21:39 Wheelbarrow
21:31 Scale Mail Armor
24:32 Castle Age
23:05 Fletching
24:47 Champi Warrior
25:57 Hand Cart
26:35 Chain Mail Armor
32:15 Fervor
34:17 Bow Saw
34:08 Heavy Plow
35:50 Forging
38:22 Imperial Age
35:32 Pikeman
36:13 Squires
37:12 Town Watch
41:36 Town Patrol
43:14 Block Printing
51:47 Conscription
51:25 Elite Skirmisher
53:19 Elite Temple Guard
54:56 Thumb Ring
Connection lost

Rejoining the realm…

Still unreachable

The connection could not be restored.

Session expired

The server has moved on; the page needs a fresh start.